 Dungeon Crawl Stone Soup version 0.18.1-50-g88ac8fd (webtiles) character file.

338 Vatticson the Cudgeler (level 6, -2/51 HPs)
             Began as a Hill Orc Berserker on Oct 10, 2016.
             Was a Priest of Trog.
             Slain by Grinder (4 damage)
             ... on level 5 of the Dungeon.
             The game lasted 00:14:50 (2802 turns).

Vatticson the Cudgeler (Hill Orc Berserker)         Turns: 2802, Time: 00:14:51

Health: -2/51      AC: 11    Str: 21    XL:     6   Next: 55%
Magic:  5/6        EV: 11    Int:  7    God:    Trog [***...]
Gold:   118        SH:  0    Dex: 11    Spells: 0 memorised, 5 levels left

rFire  . . .     SeeInvis .     n - +0 flail
rCold  . . .     Gourm    .     q - +0 ring mail
rNeg   . . .     Faith    .     (no shield)
rPois  .         Spirit   .     (no helmet)
rElec  .         Dismiss  .     j - +2 cloak
rCorr  .         Reflect  .     (no gloves)
SustAt .         Harm     .     (no boots)
MR     .....                    (no amulet)
Stlth  +.........               (no ring)
                                e - +3 ring of protection

@: exhausted, slowed, very slow, not resistant to hostile enchantments, very
unstealthy
A: blurry vision 1, MP-powered wands, sturdy frame 1
a: Berserk, Trog's Hand, Burn Spellbooks, Renounce Religion


You were on level 5 of the Dungeon.
You worshipped Trog.
Trog was most pleased with you.
You were not hungry.

You visited 1 branch of the dungeon, and saw 6 of its levels.

You collected 118 gold pieces.

Inventory:

Hand Weapons
 a - a +1 mace
 n - a +0 flail (weapon)
Armour
 b - a +0 animal skin
 d - a +0 leather armour
 j - a +2 cloak (worn)
 q - a +0 ring mail (worn)
Jewellery
 e - a +3 ring of protection (left hand)
Wands
 g - a wand of acid (9/15)
 k - a wand of lightning (7/15)
 o - a wand of lightning (5/15)
Scrolls
 i - 2 scrolls of identify
 l - a scroll of enchant weapon
Potions
 p - a potion of brilliance
Books
 h - a book of Ice

   Spells                             Type                      Level
   a - Ice Form                       Ice/Transmutation            4
   b - Metabolic Englaciation         Hexes/Ice                    5
   c - Ozocubu's Refrigeration        Ice                          6
   d - Bolt of Cold                   Conjuration/Ice              6
   e - Freezing Cloud                 Conjuration/Ice/Air          6
   f - Simulacrum                     Ice/Necromancy               6
   Trog disapproves of the use of such an item.
Comestibles
 c - 2 bread rations
 f - 2 meat rations
 m - 3 fruits


   Skills:
 - Level 3.6 Fighting
 * Level 7.8 Maces & Flails
 - Level 2.1 Armour
 - Level 1.5 Dodging


You had 5 spell levels left.
You didn't know any spells.

Dungeon Overview and Level Annotations

Branches:
Dungeon (6/15)
 Temple: D:4-7

Altars:
Fedhas
Pakellas
The Shining One

Annotations:
D:5 Grinder


Innate Abilities, Weirdness & Mutations

Scrolls take you a little longer to read.
You expend magic power (3 MP) to strengthen your wands.
Your movements are slightly less encumbered by armour (ER -2).


Message History

Grinder gestures at you.
You suddenly lose the ability to move!
Grinder blinks!
Grinder gestures at you. Pain shoots through your body!
* * * LOW HITPOINT WARNING * * *
You can move again.
You feel a strong urge to attack something.
You feel your anger subside.
You are no longer berserk.
You are exhausted.
You feel yourself slow down.
Grinder says, "Just stop there for a second..."
Grinder gestures at you. Pain shoots through your body!
* * * LOW HITPOINT WARNING * * *
You hit Grinder.
Grinder is heavily wounded.
Grinder gestures at you. You resist with significant effort. Grinder hits you.
You die...

#.# #### #.# #... #.#
#.## #.# #.####.## #.#
#######........ #.#
.....##.####.## #.#
(....# #.#
#####.####.....##.####.#
#.......@5.....+.......#
#####.####.....#######.##
#............>.......
#############.####.#. #.#
#.#. #.. #.#. #++# ####


You could see Grinder.

Vanquished Creatures
  A sky beast (D:5)
  3 hounds
  Crazy Yiuf (D:3)
  An orc wizard (D:4)
  A howler monkey skeleton (D:4)
  An adder (D:3)
  2 worms
  3 dart slugs
  8 orcs
  A ball python (D:2)
  6 bats
  2 giant cockroaches
  4 goblins
  7 hobgoblins
  9 jackals
  7 kobolds
  2 quokkas (D:3)
  4 giant newts
  A quokka skeleton (D:5)
  6 rats
70 creatures vanquished.

Notes
Turn   | Place    | Note
--------------------------------------------------------------
     0 | D:1      | Vatticson the Hill Orc Berserker began the quest for the Orb.
     0 | D:1      | Reached XP level 1. HP: 19/19 MP: 1/1
   400 | D:1      | Reached XP level 2. HP: 26/26 MP: 2/2
   437 | D:1      | Reached skill level 4 in Maces & Flails
   713 | D:2      | Reached XP level 3. HP: 27/31 MP: 3/3
   774 | D:2      | Found a glowing golden altar of the Shining One.
  1281 | D:3      | Reached ** piety under Trog
  1281 | D:3      | Reached skill level 5 in Maces & Flails
  1281 | D:3      | Reached XP level 4. HP: 19/39 MP: 4/4
  1737 | D:3      | Noticed Crazy Yiuf
  1749 | D:3      | Killed Crazy Yiuf
  1749 | D:3      | Reached skill level 6 in Maces & Flails
  1749 | D:3      | Reached XP level 5. HP: 6/45 MP: 5/5
  2224 | D:3      | Found an oddly glowing altar of Pakellas.
  2225 | D:3      | Found a blossoming altar of Fedhas.
  2352 | D:4      | Reached *** piety under Trog
  2512 | D:4      | Gained mutation: Your movements are slightly less encumbered by armour (ER -2). [potion of mutation]
  2512 | D:4      | Gained mutation: Scrolls take you a little longer to read. [potion of mutation]
  2512 | D:4      | Gained mutation: You expend magic power (3 MP) to strengthen your wands. [potion of mutation]
  2536 | D:4      | Reached skill level 7 in Maces & Flails
  2567 | D:4      | You fall through a shaft for 2 floors!
  2576 | D:6      | Reached XP level 6. HP: 48/51 MP: 6/6
  2657 | D:5      | Entered Level 5 of the Dungeon
  2690 | D:5      | Noticed a sky beast
  2698 | D:5      | Killed a sky beast
  2776 | D:5      | Noticed Grinder
  2778 | D:5      | Paralysed by Grinder for 6 turns
  2793 | D:5      | Paralysed by Grinder for 5 turns
  2801 | D:5      | HP: 2/51 [Grinder/nerve-wracking pain (5)]
  2802 | D:5      | Slain by Grinder

Skill      XL: |  1  2  3  4  5 |
---------------+----------------+-----
Maces & Flails | 4 5 6 7 |  7.8
Fighting       | |  3.6
Armour         | |  2.1
Dodging        | |  1.5

Action                   |  1- 3 |  4- 6 || total
-------------------------+-------+-------++-------
Melee: Mace              |    78 |    71 ||   149
       Flail             |       |    84 ||    84
Invok: Berserk           |       |     2 ||     2
Evoke: Wand              |       |     2 ||     2
  Use: Scroll            |     3 |     1 ||     4
       Potion            |     4 |     4 ||     8
  Eat: Bread ration      |       |     2 ||     2
Armor: Leather armour    |    27 |    70 ||    97
       Ring mail         |       |    18 ||    18
Dodge: Dodged            |    53 |    84 ||   137
